 Dungeon Crawl Stone Soup version 0.32-a0-377-g951292165a (webtiles) character file.

Game seed: 17667858704048573754

38546 Bnni the Impaler (level 14, -19/121 HPs)
             Began as a Formicid Fighter on Feb 19, 2024.
             Was an Elder of Yredelemnul.
             Killed from afar by Azrael (23 damage)
             ... with a fireball
             ... on level 14 of the Dungeon.
             The game lasted 00:36:47 (14315 turns).

Bnni the Impaler (Formicid Fighter)                Turns: 14315, Time: 00:36:48

Health: -19/121    AC: 21    Str: 26    XL:     14   Next: 34%
Magic:  16/22      EV:  6    Int:  8    God:    Yredelemnul [****..]
Gold:   877        SH:  7    Dex: 13    Spells: 13/13 levels left

rFire   + . .        R - +4 halberd (freeze)
rCold   + . .        t - +2 buckler
rNeg    . . .        p - +0 plate armour
rPois   +            (helmet unavailable)
rElec   +            Q - +0 cloak {rCorr}
rCorr   +            L - +1 pair of gloves
SInv    +            a - +2 pair of boots
Will    +....        d - amulet of regeneration Stlth
                     n - +4 ring of protection
HPRegen 1.20/turn    G - ring of poison resistance
MPRegen 0.18/turn

%: no passive effects
@: mighty, resistant, wreathed by umbra, studying Dodging
A: permanent stasis, dig shafts and tunnels, antennae 3, four strong arms
a: Dig, Shaft Self, Renounce Religion, Light the Black Torch, Recall Undead
Harvest, Hurl Torchlight, Bind Soul


You were on level 14 of the Dungeon.
You worshipped Yredelemnul.
Yredelemnul was aware of your devotion.
You visited 1 branch of the dungeon, and saw 14 of its levels.
You also visited: Sewer.

You collected 1071 gold pieces.
You spent 194 gold pieces at shops.

Inventory:

Hand Weapons
 s - the +7 short sword of Owamiuh {flame, *Rage rPois rC+++ rCorr}
   (You found it on level 2 of the Dungeon)

   rC+++:     It renders you almost immune to cold.
   rPois:     It protects you from poison *Rage: It berserks you when you make
   melee attacks (+20% chance).
   rCorr:     It protects you from acid and corrosion.
 w - a +2 halberd of venom
 R - a +4 halberd of freezing (weapon)
Missiles
 F - 3 javelins
 N - 2 curare-tipped darts
Armour
 a - a +2 pair of boots (worn)
 p - a +0 plate armour (worn)
 t - a +2 buckler (worn)
 L - a +1 pair of gloves (worn)
 Q - a +0 cloak of preservation (worn)
Jewellery
 d - an amulet of regeneration (around neck)
 n - a +4 ring of protection (left hand)
 G - a ring of poison resistance (right hand)
 K - a ring of resist corrosion
 S - a ring of positive energy
Wands
 b - a wand of paralysis (5)
 q - a wand of digging (4)
 v - a wand of light (5)
 B - a wand of roots (2)
 H - a wand of flame (60)
 I - a wand of mindburst (10)
 P - a wand of polymorph (20)
Scrolls
 e - 3 scrolls of immolation
 g - 3 scrolls of poison
 i - 2 scrolls of fear
 j - 4 scrolls of fog
 A - 2 scrolls of enchant weapon
 D - 3 scrolls of revelation
 E - 2 scrolls of butterflies
Potions
 f - a potion of attraction
 h - a potion of resistance
 k - 4 potions of mutation
 l - 4 potions of curing
 m - 4 potions of enlightenment
 o - 2 potions of heal wounds
 r - a potion of ambrosia
 z - 2 potions of magic
 M - a potion of cancellation


   Skills:
 + Level 14.9 Fighting
 + Level 17.2 Polearms
 - Level 3.2 Armour
 - Level 4.0 Shields
 * Level 11.3 Invocations


You had 13 spell levels left.
You didn't know any spells.
Your spell library contained the following spells:

 Spells                   Type           Power      Damage    Failure   Level
 Foxfire                  Conj/Fire      0%         2x1d4     100%        1
 Frozen Ramparts          Ice            0%         1d1       100%        3
 Leda's Liquefaction      Alch/Erth      0%         N/A       100%        4
 Petrify                  Alch/Erth      0%         N/A       100%        4
 Metabolic Englaciation   Hex/Ice        0%         N/A       100%        5
 Plasma Beam              Fire/Air       0%         2x1d10    100%        6
 Starburst                Conj/Fire      0%         6d3       100%        6


Dungeon Overview and Level Annotations

Branches:
Dungeon (14/15)            Temple (0/1) D:6            Lair (0/5) D:8
    Orc (0/2) D:10          Sewer (visited)
 Vaults: D:13-14

Altars:
Cheibriados
Dithmenos
Elyvilon
Gozag
Hepliaklqana
Makhleb
Nemelex Xobeh
Qazlal
Ru
Sif Muna
Uskayaw
Wu Jian
Xom
Yredelemnul
Zin

Shops:
D:13 ?:!

Annotations:
D:14 2 transporters, Azrael; Tonuywof's ghost, adept BaWr


Innate Abilities, Weirdness & Mutations

You cannot be hasted, slowed, berserked, paralysed or teleported.
You can dig through walls and to a lower floor.
You have a pair of large antennae on your head. (SInv)
Your four strong arms can wield two-handed weapons with a shield.


Message History

Azrael gestures at you.
The sphere of damnation explodes!
The damnation engulfs you!!
The damnation engulfs your ugly thing zombie!!!
Reach: R) +4 halberd (freeze)
Press: ? - help, Dir - move target, f/p - Azrael
Aim: Azrael, wielding a +0 scimitar of flaming (soul-gripped, ally target, umbra, about 16% to evade your +4 halberd of freezing)
You reach to attack!
You impale Azrael!! You freeze Azrael.
Azrael is heavily wounded.
Unknown command.
Unknown command.
Reach: R) +4 halberd (freeze)
Press: ? - help, Dir - move target, p - Azrael You reach to attack!
You attack empty space.
Azrael gestures at you.
The sphere of damnation explodes!
The damnation engulfs you!!
* * * LOW HITPOINT WARNING * * *
The damnation engulfs Azrael.
Azrael completely resists.
The damnation engulfs your ugly thing zombie!!
Your ugly thing zombie is destroyed!
Aiming: Bolt of Light
Press: ? - help, Shift-Dir - straight line, f - Azrael
Aim: Azrael, wielding a +0 scimitar of flaming (moderately wounded, soul-gripped, ally target, umbra, 90% to hit)
The bolt of light misses Azrael.
Azrael hits you with a +0 scimitar of flaming!
* * * LOW HITPOINT WARNING * * *
Unknown command.
Aiming: Paralyse
Press: ? - help, Shift-Dir - straight line, f/p - Azrael
Aim: Azrael, wielding a +0 scimitar of flaming (moderately wounded, soul-gripped, ally target, umbra, chance to affect: 31%)
Okay, then.
Aiming: Bolt of Light
Press: ? - help, Shift-Dir - straight line, f/p - Azrael
Aim: Azrael, wielding a +0 scimitar of flaming (moderately wounded, soul-gripped, ally target, umbra, 90% to hit)
The bolt of light hits Azrael!
Azrael is heavily wounded.
Azrael is blinded.
Azrael gestures at you.
The fireball explodes!
The fireball engulfs you!! You resist.
You die...
Your body rises from the dead as a mindless zombie.

######### #.......#
##### #.......#
......######.......#####
.....°R@ZZ.'.......'....
......######.......###'#
..... #............ ....
#............ ###
########.....
.......'.....
########..... #.....
###.....


You could see Azrael (soul-gripped, blind, unable to see you, ally target), a
friendly ugly thing zombie and a friendly tengu warrior zombie.

Vanquished Creatures
  A fire dragon (D:14)
  3 vault guards (D:14)
  A hydra (D:13)
  3 two-headed ogres
  A boulder beetle (D:13)
  3 tengu warriors (D:14)
  5 centaur warriors
  A death yak (D:8)
  Pikel (D:7)
  A manticore (D:10)
  3 ugly things (D:14)
  A cyclops (D:11)
  Maurice (D:8)
  Joseph (D:8)
  A gargoyle (D:12)
  A komodo dragon (D:13)
  2 efreet
  3 tengu conjurers (D:14)
  Grinder (D:3)
  3 hornets
  8 slime creatures
  Sigmund (D:3)
  A wyvern (D:9)
  Eustachio (D:5)
  2 fire elementals (D:14)
  A warg (D:10)
  21 yaks
  7 humans (D:14)
  3 wraiths
  2 steam dragons
  A redback simulacrum (D:14)
  3 vampire mosquitoes
  An acid dragon (D:7)
  A water moccasin (D:5)
  2 hell hounds (D:14)
  A black bear (D:8)
  Pargi (Sewer)
  5 ice beasts
  3 orc warriors
  3 ogres
  2 sky beasts
  A tengu (shapeshifter) (D:14)
  10 centaurs
  2 wolves (D:10)
  2 phantoms
  A lemure (D:7)
  5 kobold brigands
  3 bullfrogs
  2 scorpions (D:6)
  A water moccasin zombie (D:5)
  15 wights
  10 killer bees
  4 howler monkeys
  A bombardier beetle (D:3)
  A bullfrog zombie (D:5)
  4 hounds
  A human zombie (D:5)
  7 orc priests
  8 jellies
  A sleepcap (D:8)
  9 iguanas
  7 orc wizards
  A hound zombie (D:5)
  4 mummies (D:5)
  A howler monkey zombie (D:5)
  Robin (D:3)
  6 gnolls
  5 adders
  3 white imps (D:10)
  An ufetubus (D:10)
  5 dart slugs
  3 ribbon worms
  32 orcs
  A ball python (shapeshifter) (D:12)
  8 bats
  18 endoplasms
  3 giant cockroaches
  13 goblins
  13 hobgoblins
  7 jackals
  3 quokkas
  7 ball pythons
  A frilled lizard (D:2)
  21 kobolds
  A rat (shapeshifter) (D:12)
360 creatures vanquished.

Vanquished Creatures (collateral kills)
  A hydra (D:11)
  2 two-headed ogres
  A deep elf archer (D:14)
  4 slime creatures
  2 deep elf pyromancers
  An ugly thing (D:14)
  A gargoyle (D:9)
  Maggie (D:8)
  A komodo dragon (D:8)
  A polar bear (shapeshifter) (D:13)
  Prince Ribbit (D:8)
  A yak (D:8)
  A wyvern (D:9)
  Grum (D:10)
  A human (D:14)
  A vampire mosquito (D:9)
  A basilisk (D:8)
  2 orc warriors
  4 centaurs
  A lemure (D:7)
  A bullfrog (D:8)
  5 wights
  5 killer bees
  Crazy Yiuf (D:7)
  2 orc priests
  A sleepcap (D:7)
  An iguana (D:8)
  2 orc wizards
  A ribbon worm (D:6)
  6 orcs (D:9)
  A jackal (Sewer)
  10 kobolds
65 creatures vanquished.

Vanquished Creatures (others)
  2 ugly thing zombies (D:14)
  A death yak zombie (D:8)
  5 human zombies (D:14)
  A spectral manticore (D:14)
  A fire dragon zombie (D:14)
  3 slime creature zombies
  An elf zombie (D:14)
  A tengu zombie (D:14)
  A two-headed ogre zombie (D:10)
  A spectral efreet (D:14)
  11 yak zombies
  A wolf zombie (D:10)
  6 centaur zombies
  A basilisk zombie (D:8)
  A bullfrog zombie (D:9)
  A scorpion zombie (D:6)
  4 killer bee zombies
  2 ice beast zombies
  An ogre zombie (D:7)
  A sky beast zombie (D:8)
  An iguana zombie (D:8)
  A jelly zombie (D:10)
  7 orc zombies
  2 adder zombies (D:6)
  2 spectral white imps (D:10)
  3 orcs (D:8)
  A ball python zombie (D:6)
  4 endoplasm zombies (D:10)
  A jackal zombie (Sewer)
  5 kobold zombies
73 creatures vanquished.

Grand Total: 498 creatures vanquished

Notes
Turn   | Place    | Note
-------+----------+-------------------------------------------
     0 | D:1      | Bnni the Formicid Fighter began the quest for the Orb.
     0 | D:1      | Reached XP level 1. HP: 18/18 MP: 1/1
   111 | D:1      | Reached XP level 2. HP: 24/24 MP: 2/2
   196 | D:1      | Reached XP level 3. HP: 30/30 MP: 3/3
   304 | D:1      | Reached skill level 3 in Polearms
   909 | D:2      | Reached XP level 4. HP: 37/37 MP: 4/4
  1259 | D:2      | Reached skill level 4 in Polearms
  1404 | D:2      | Identified the +7 short sword of Owamiuh {flame, *Rage
                  | rPois rC+++ rCorr}
  1411 | D:2      | Reached XP level 5. HP: 41/42 MP: 5/5
  1674 | D:3      | Noticed Robin
  1705 | D:3      | Killed Robin
  1803 | D:3      | Noticed Sigmund
  1823 | D:3      | Killed Sigmund
  1824 | D:3      | Reached skill level 5 in Fighting
  1824 | D:3      | Reached skill level 5 in Polearms
  1824 | D:3      | Reached XP level 6. HP: 46/51 MP: 6/6
  1883 | D:3      | Found a white marble altar of Elyvilon.
  1922 | D:3      | Found a burning altar of Makhleb.
  1940 | D:3      | Noticed Grinder
  1972 | D:3      | Killed Grinder
  1973 | D:3      | Reached skill level 6 in Polearms
  1973 | D:3      | Reached XP level 7. HP: 18/57 MP: 7/7
  2138 | D:3      | Found an opulent altar of Gozag.
  2138 | D:3      | Found a hide-covered altar of Uskayaw.
  2553 | D:4      | Found a shadowy altar of Dithmenos.
  2568 | D:4      | Reached XP level 8. HP: 64/64 MP: 8/8
  2582 | D:4      | Reached skill level 7 in Polearms
  2839 | D:4      | Found a hazy altar of Hepliaklqana.
  3844 | D:4      | Found a sacrificial altar of Ru.
  3868 | D:5      | Entered Level 5 of the Dungeon
  3920 | D:5      | Noticed Eustachio
  3927 | D:5      | Killed Eustachio
  3928 | D:5      | Reached skill level 8 in Polearms
  4225 | D:5      | Reached XP level 9. HP: 57/72 MP: 9/9
  4310 | D:5      | Reached skill level 9 in Polearms
  4517 | D:5      | Reached skill level 10 in Polearms
  4610 | D:5      | Found a basalt altar of Yredelemnul.
  4618 | D:5      | Became a worshipper of Yredelemnul the Fallen
  5278 | D:5      | Found an ornate altar of the Wu Jian Council.
  5393 | D:6      | Reached XP level 10. HP: 82/82 MP: 10/10
  5431 | D:6      | Found a staircase to the Ecumenical Temple.
  5463 | D:6      | Reached skill level 11 in Polearms
  5503 | D:6      | Found a glowing drain.
  5510 | D:6      | Reached * piety under Yredelemnul
  5537 | Sewer    | Entered a sewer
  5607 | Sewer    | Noticed Pargi
  5611 | Sewer    | Killed Pargi
  5931 | D:6      | Found a shimmering blue altar of Sif Muna.
  6532 | D:7      | Reached skill level 12 in Polearms
  6622 | D:7      | Reached skill level 10 in Fighting
  6723 | D:7      | Noticed Pikel
  6731 | D:7      | Killed Pikel
  7007 | D:7      | Found a stormy altar of Qazlal.
  7061 | D:7      | Found a sparkling altar of Nemelex Xobeh.
  7176 | D:7      | Found a runed translucent door.
  7177 | D:7      | Noticed Crazy Yiuf
  7189 | D:7      | Killed Crazy Yiuf
  7293 | D:8      | Reached XP level 11. HP: 92/92 MP: 11/11
  7325 | D:8      | Reached skill level 13 in Polearms
  7377 | D:8      | Noticed Joseph
  7378 | D:8      | Found a glowing silver altar of Zin.
  7378 | D:8      | Noticed an angel
  7384 | D:8      | Killed Joseph
  7384 | D:8      | Reached ** piety under Yredelemnul
  7404 | D:8      | Found a shimmering altar of Xom.
  7470 | D:8      | Noticed Prince Ribbit
  7488 | D:8      | Killed Prince Ribbit
  7699 | D:8      | Found a staircase to the Lair.
  7702 | D:8      | Noticed a death yak
  7729 | D:8      | Killed a death yak
  7730 | D:8      | Reached skill level 14 in Polearms
  7994 | D:8      | Noticed Maggie
  8002 | D:8      | Killed Maggie
  8032 | D:8      | Noticed Maurice
  8052 | D:8      | Killed Maurice
  8423 | D:9      | Reached XP level 12. HP: 57/102 MP: 12/12
  8468 | D:9      | Reached skill level 15 in Polearms
  8660 | D:9      | Reached *** piety under Yredelemnul
  9584 | D:10     | Entered Level 10 of the Dungeon
  9588 | D:10     | Noticed a two-headed ogre
  9595 | D:10     | Killed a two-headed ogre
  9770 | D:10     | Noticed a two-headed ogre
  9772 | D:10     | Noticed Grum
  9779 | D:10     | Killed a two-headed ogre
  9783 | D:10     | Killed Grum
  9783 | D:10     | Reached **** piety under Yredelemnul
  9833 | D:10     | Found a snail-covered altar of Cheibriados.
 10165 | D:10     | Reached skill level 16 in Polearms
 10176 | D:10     | Found a staircase to the Orcish Mines.
 10831 | D:11     | Reached skill level 1 in Invocations
 10837 | D:11     | Noticed a two-headed ogre
 10845 | D:11     | Killed a two-headed ogre
 10945 | D:11     | Identified a scroll of acquirement
 10946 | D:11     | Acquired a manual of Dodging
 10961 | D:11     | Noticed a four-headed hydra
 10966 | D:11     | Killed a four-headed hydra
 11208 | D:11     | Noticed a two-headed ogre
 11215 | D:11     | Killed a two-headed ogre
 11216 | D:11     | Reached XP level 13. HP: 101/111 MP: 14/16
 11218 | D:11     | Found a hazy altar of Hepliaklqana.
 11530 | D:11     | Identified the +2 leather armour "Bowamn" {rPois Int+4
                  | Dex-3}
 11864 | D:12     | Reached skill level 5 in Invocations
 12104 | D:12     | Noticed a centaur warrior
 12120 | D:12     | Killed a centaur warrior
 12120 | D:12     | Reached ***** piety under Yredelemnul
 12358 | D:12     | Found a shimmering altar of Xom.
 12360 | D:12     | Found a shimmering altar of Xom.
 12360 | D:12     | Found a shimmering altar of Xom.
 12360 | D:12     | Found a shimmering altar of Xom.
 12360 | D:12     | Found a shimmering altar of Xom.
 12360 | D:12     | Found a shimmering altar of Xom.
 12873 | D:13     | Noticed a six-headed hydra
 12880 | D:13     | Killed an 11-headed hydra
 13002 | D:13     | Noticed a centaur warrior
 13015 | D:13     | Killed a centaur warrior
 13151 | D:13     | Found Iseckyus's Distillery.
 13160 | D:13     | Bought a potion of degeneration for 14 gold pieces
 13426 | D:13     | Found Sicetsosh's Magic Scroll Shoppe.
 13440 | D:13     | Bought a scroll of identify for 36 gold pieces
 13440 | D:13     | Bought a scroll of fog for 72 gold pieces
 13440 | D:13     | Bought a scroll of identify for 36 gold pieces
 13440 | D:13     | Bought a scroll of identify for 36 gold pieces
 13462 | D:13     | Found Hatewk's Book Emporium.
 13747 | D:14     | Noticed a fire dragon
 13756 | D:14     | Killed a fire dragon
 13823 | D:14     | Noticed a centaur warrior
 13830 | D:14     | Noticed a centaur warrior
 13831 | D:14     | Killed a centaur warrior
 13837 | D:14     | Killed a centaur warrior
 13855 | D:14     | Noticed a vault guard
 13862 | D:14     | Noticed a vault guard
 13876 | D:14     | Killed a vault guard
 13899 | D:14     | Killed a vault guard
 13900 | D:14     | Reached skill level 17 in Polearms
 13917 | D:14     | Noticed a centaur warrior
 13919 | D:14     | Reached XP level 14. HP: 25/121 MP: 18/21
 13926 | D:14     | Reached skill level 10 in Invocations
 14064 | D:14     | Found a transporter.
 14065 | D:14     | Noticed Tonuywof's ghost (adept BaWr)
 14069 | D:14     | Noticed a storm dragon
 14084 | D:14     | Found a transporter.
 14296 | D:14     | Noticed Azrael
 14314 | D:14     | HP: 3/121 [Azrael/+0 scimitar of flaming (14)]
 14315 | D:14     | Killed from afar by Azrael

Illustrated notes

Levels and vault maps discovered:
D:1:      dpeg_arrival_round_a, layout_basic
D:2:      minmay_wonky_spiral, layout_rooms, minmay_domino_2
D:3:      layout_basic, nicolae_elyvilon_temple_path, jmf_multi_god_temple,
          lemuel_doored_altar, minivault_4, uniq_sigmund, uniq_robin,
          uniq_grinder
D:4:      layout_basic, mainiacjoe_overflow_alcove_1, kennysheep_little_box,
          nicolae_dithmenos_shadow_blocks, due_unseen_surprise
D:5:      layout_basic, lemuel_mausoleum_altar_yredelemnul,
          nicolae_wu_jian_immortal_techniques, uniq_eustachio
D:6:      layout_loops_ring, mainiacjoe_overflow_24_doors, temple_fountains,
          cheibrodos_sewer_entry_sluice
D:7:      layout_basic, lemuel_tele_altar, nemelex_spade_bored_becter,
          nicolae_figureground_sparkle, uniq_pikel, uniq_crazy_yiuf_cottage
D:8:      layout_basic, grunt_temple_overflow_order_and_chaos_1,
          dpeg_lair_monsters, minmay_misc_feat_cross, uniq_maggie, uniq_maurice,
          uniq_joseph, uniq_prince_ribbit1
D:9:      layout_gridville
D:10:     lemuel_slime, layout_rooms, mainiacjoe_overflow_paths, david_orc_3,
          serial_ice, serial_ice_o, serial_ice_a, serial_ice_n, serial_ice_m,
          uniq_grum
D:11:     layout_loops_corners, nicolae_hepliaklqana_hazy_memory
D:12:     layout_stronghold, xom_shifter_show
D:13:     layout_loops_ring, serial_shops, nicolae_shop_rolling_square,
          nicolae_shop_industrial_runoff, nicolae_shop_pleasant_corner_grove
D:14:     minmay_distorted_concentric_squares, layout_basic,
          ximxim_vaults_locker_room, gammafunk_ghost_berserking_beasts,
          reono_crystal_passage, st_stairs_2, uniq_azrael

Skill      XL: |  1  2  3  4  5  6  7  8  9 10 11 12 13 14 |
---------------+-------------------------------------------+-----
Polearms       | 3 4 5 6 8 10 12 14 16 17 | 17.2
Fighting       | 4 5 6 7 8 10 12 13 14 | 14.9
Invocations    | 4 9 11 | 11.3
Armour         | |  3.2
Shields        | |  4.0

Action                     |  1- 3 |  4- 6 |  7- 9 | 10-12 | 13-15 || total
---------------------------+-------+-------+-------+-------+-------++-------
  Melee: Trident           |    58 |   116 |       |       |       ||   174
         Halberd           |       |    13 |   253 |   491 |   262 ||  1019
 Invoke: Light the Black T |       |       |     2 |     6 |     3 ||    11
         Recall Undead Har |       |       |       |     3 |     6 ||     9
         Bind Soul         |       |       |       |     1 |     1 ||     2
         Hurl Torchlight   |       |       |       |     1 |       ||     1
         Fathomless Shackl |       |       |       |       |     1 ||     1
Ability: Dig               |       |     1 |     2 |     3 |     1 ||     7
  Evoke: Wand              |       |       |       |       |     2 ||     2
    Use: Potion            |       |     1 |       |       |     5 ||     6
         Scroll            |       |       |     5 |    14 |     8 ||    27
   Stab: Distracted        |       |       |       |     2 |     5 ||     7
 Armour: Scale mail        |    25 |       |       |       |       ||    25
         Plate armour      |     4 |    82 |   150 |   236 |   209 ||   681
  Dodge: Dodged            |    12 |    25 |    43 |    84 |    57 ||   221
  Block: Buckler           |     4 |    23 |    35 |    61 |    36 ||   159

Table legend: (Time is in decaauts)
 A = Elapsed time spent in this place.
 B = Non-inter-level travel time spent in this place.
 C = Inter-level travel time spent in this place.
 D = Time resting spent in this place.
 E = Time spent auto-exploring this place.
 F = Levels seen in this place.
 G = Mean time per level.
                   A        B        C        D        E       F      G
               +--------+--------+--------+--------+--------+-----+--------+
         Total |  14191 |  13792 |    399 |    649 |  10586 |  15 |  946.1 |
       Dungeon |  14045 |  13646 |    399 |    649 |  10474 |  14 | 1003.2 |
         Sewer |    146 |    146 |      0 |      0 |    112 |   1 |  146.0 |
               +--------+--------+--------+--------+--------+-----+--------+

Top non-repeatable levels by time:
     D:5: 1522 daAuts
     D:4: 1337 daAuts
    D:11: 1159 daAuts
     D:9: 1149 daAuts
     D:8: 1128 daAuts
     D:3: 1042 daAuts
    D:12: 1035 daAuts
    D:10: 1012 daAuts
     D:1: 875 daAuts
     D:6: 864 daAuts
     D:7: 855 daAuts
    D:13: 851 daAuts
     D:2: 665 daAuts
    D:14: 546 daAuts
   Sewer: 146 daAuts
